 Dungeon Crawl Stone Soup version 0.14-a0-1378-gf8e6a88 (webtiles) character file.

16048 PolkaDot the Conjurer (level 12, -21/66 HPs)
             Began as a Vampire Conjurer on Dec 9, 2013.
             Was a High Priest of Vehumet.
             Demolished by Rupert
             ... wielding a +3,+2 great sword of holy wrath
              (48 damage)
             ... on Level 4 of the Lair of Beasts.
             The game lasted 01:31:08 (15498 turns).

PolkaDot the Conjurer (Vampire Conjurer)           Turns: 15498, Time: 01:31:10

HP -21/66        AC  7     Str  7      XL: 12   Next:  1%
MP  24/26        EV 14     Int 21      God: Vehumet [*****.]
Gold 586         SH 10     Dex 14      Spells:  8 memorised,  3 levels left

rFire  + . .     SeeInvis +     b - +1 Staff of Olgreb {rPois}
rCold  . . .     Clarity  .     H - +2 robe {MR+}
rNeg   . . .     Conserve .     o - +2 buckler
rPois  +         rCorr    .     (no helmet)
rElec  .         rRot     .     (no cloak)
SustAb . .       Spirit   .     g - +0 pair of gloves (curse)
rMut   .         Warding  .     v - +1 pair of boots (curse)
Saprov . . .     Stasis   .     (no amulet)
                                (no ring)
                                G - ring of poison resistance

@: regenerating quickly, quite resistant to hostile enchantments, stealthy
A: bottle blood, fangs 3, repulsion field 1, see invisible, fire resistance 1,
frail 1, unbreathing
a: Bottle Blood, Renounce Religion


You were on level 4 of the Lair of Beasts.
You worshipped Vehumet.
Vehumet was extremely pleased with you.
You were full.

You visited 3 branches of the dungeon, and saw 14 of its levels.
You also visited: Sewer.

You collected 586 gold pieces.

Inventory:

Hand weapons
 b - the +1,+1 Staff of Olgreb (weapon) {rPois}
   (You found it on level 1 of the Lair of Beasts)

   It protects you from poison.
Armour
 g - a cursed +0 pair of gloves (worn)
 o - a +2 buckler (worn)
 v - a cursed +1 pair of boots (worn)
 H - a +2 robe of magic resistance (worn)
Magical devices
 e - a wand of digging (11)
 k - a wand of polymorph (4)
 m - a wand of draining (6)
 n - a wand of fire (10)
 q - a wand of draining (5)
 A - a wand of teleportation (0)
 C - a wand of frost (18)
 E - a wand of lightning (5)
 F - a wand of random effects (15)
Scrolls
 f - 3 scrolls of fog
 j - a scroll of identify
 l - 6 scrolls of remove curse
 p - a scroll of enchant weapon II
 t - a scroll of magic mapping
 u - 2 scrolls of recharging
 x - a scroll of enchant armour {unknown}
 y - a scroll of random uselessness {unknown}
 D - 4 scrolls of amnesia
Jewellery
 G - a ring of poison resistance (left hand)
Potions
 w - a potion of flight
Books
 c - a book of Conjurations

   Spells                             Type                      Level
   Magic Dart                         Conjuration                  1
   *Searing Ray                       Conjuration                  2
   Dazzling Spray                     Conjuration/Hexes            3
   *Iskenderun's Mystic Blast         Conjuration                  4
   Iskenderun's Battlesphere          Conjuration/Charms           4
   Fulminant Prism                    Conjuration/Hexes            5
 d - a book of the Dragon

   Spells                             Type                      Level
   *Flight                            Charms/Air                   3
   Cause Fear                         Hexes                        4
   Bolt of Fire                       Conjuration/Fire             6
   Dragon Form                        Transmutation                7
   Summon Dragon                      Summoning                    9
 h - a Young Poisoner's Handbook

   Spells                             Type                      Level
   *Sting                             Conjuration/Poison           1
   Cure Poison                        Poison                       2
   *Mephitic Cloud                    Conjuration/Poison/Air       3
   Olgreb's Toxic Radiance            Poison                       4
   Venom Bolt                         Conjuration/Poison           5
Magical staves
 a - an uncursed staff of power


   Skills:
 - Level 2.1 Dodging
 - Level 3.0 Stealth
 - Level 1.3 Shields
 + Level 6.7 Spellcasting
 + Level 11.8 Conjurations
 - Level 0.6 Ice Magic
 * Level 8.8 Air Magic
 - Level 5.0 Poison Magic


You had 3 spell levels left.
You knew the following spells:

 Your Spells              Type           Power        Failure   Level  Hunger
a - Sting                 Conj/Pois      ####         1%          1    None
c - Mephitic Cloud        Conj/Pois/Air  ######..     1%          3    #......
d - Iskenderun's Mystic   Conj           ######..     1%          4    ###....
s - Searing Ray           Conj           ######       1%          2    None
x - Airstrike             Air            #####.....   1%          4    ###....
z - Static Discharge      Conj/Air       ######..     1%          3    #......
A - Freeze                Ice            #...         2%          1    None
F - Flight                Chrm/Air       ####......   4%          3    #......


Dungeon Overview and Level Annotations

Branches:
Dungeon (8/16)             Temple (1/1) D:5            Lair (5/8) D:8
 Shoals (0/5) Lair:3
  Swamp: Lair:3-6     Snake: Lair:3-6    Spider: Lair:3-6

Altars:
Ashenzari
Cheibriados
Elyvilon
Fedhas
Makhleb
Nemelex Xobeh
Okawaru
Sif Muna
Trog
Vehumet
Xom
Yredelemnul
Zin
the Shining One

Shops:
D:7 }}

Annotations:
Lair:2 Yermak's ghost, experienced FeCK
Lair:4 Rupert


Innate Abilities, Weirdness & Mutations

Your natural rate of healing is unusually fast.
You can bottle blood from corpses.
You have razor-sharp teeth.*
You have supernaturally acute eyesight.
You can survive without breathing.*
You are surrounded by a mild repulsion field (EV +2).+ Your flesh is heat resistant.*+ You are frail (-10% HP).


Message History

Casting: Mephitic Cloud
Confirm with . or Enter, or press ? or * to list all spells.
Aiming: Mephitic Cloud
Press: ? - help, Shift-Dir - straight line, f/p - Rupert
Aim: Rupert, wielding a great sword of holy wrath and wearing a glowing scale mail (lightly wounded, berserk)
Okay, then.
Wield which item (- for none, * to show all)? (? for menu, Esc to quit)
Okay, then.
Read which item? (? for menu, Esc to quit)
Okay, then.
Unknown command.
Read which item? (? for menu, Esc to quit)
As you read the scroll labeled QIAMOV CROAS, it crumbles to dust.
The +1,+1 Staff of Olgreb {rPois} very briefly gains a green sheen.
It was a scroll of enchant weapon I.
Rupert hits you with a great sword of holy wrath!
Ouch! That really hurt!
You convulse!
Ouch! That really hurt!
You die...

# ##.# #f...###.P#.../.## ##
#..#####...##..###...## .#
###.##..#..#...# #.#.### .#
##..........### ####..# .##
###...#.#.#..#.# #..###
..###.....###.....## ##...#
..##...#..##.....## #..###
......#...........# ##.#.###
................@.# #.....##
.....###.....P..@.## #...#.#f
....###............## ##......
#....P..(...........######.......
##..........#.##......#.........#
.#P...........##..f.....#........
...<##.............§..#####......
#..##.#..P#.#.......§#####.#(....
#..f####....####...§.f##.#.###...


You could see Rupert (berserk).

Vanquished Creatures
  A hydra (Lair:3)
  3 black mambas
  A mermaid (Lair:3)
  3 spiny frogs
  3 komodo dragons
  A polar bear (Lair:4)
  Prince Ribbit (D:7)
  12 blink frogs
  A basilisk (Lair:4)
  A boulder beetle (Lair:3)
  A grizzly bear (Lair:4)
  11 yaks
  Eustachio (D:5)
  2 elephant slugs (Lair:3)
  Grum (D:8)
  3 hippogriffs
  8 wolves
  Menkaure (D:5)
  9 porcupines
  2 black bears
  3 sky beasts
  An ice beast (D:5)
  An ogre (D:5)
  3 centaurs
  Duvessa (D:5)
  2 crocodiles
  7 giant slugs
  4 agate snails
  8 giant frogs
  6 water moccasins
  3 killer bees (D:8)
  5 wights (D:8)
  A jellyfish (Lair:2)
  Dowan (D:5)
  3 crimson imps
  2 hounds
  A goliath beetle (D:7)
  A centaur skeleton (D:4)
  An orc priest (D:6)
  4 scorpions
  A jelly (D:7)
  A giant frog skeleton (D:6)
  7 worker ants
  6 iguanas
  3 orc wizards
  An ogre zombie (D:6)
  A sky beast zombie (D:5)
  Terence (D:2)
  4 gnolls (D:5)
  6 giant centipedes
  15 adders
  15 green rats
  7 worms
  An ufetubus (D:5)
  An adder skeleton (D:8)
  A giant eyeball (D:4)
  9 giant geckos
  An ooze (D:6)
  10 orcs
  18 bats
  A bat skeleton (D:6)
  9 giant cockroaches
  12 hobgoblins
  33 jackals
  15 kobolds
  5 quokkas
  3 ball pythons
  7 giant newts
  2 giant spores (D:6)
  6 goblins
  A goblin skeleton (D:4)
  A goblin zombie (D:5)
  A hobgoblin skeleton (D:8)
  2 kobold skeletons
  2 orc skeletons
  18 rats
  2 rat zombies
  5 ballistomycetes (D:6)
  A fungus (Lair:2)
  A plant (D:8)
360 creatures vanquished.

Vanquished Creatures (others)
  A wizard (D:3)
  A big fish (D:6)
  2 plants (D:8)
4 creatures vanquished.

Grand Total: 364 creatures vanquished

Notes
Turn   | Place    | Note
--------------------------------------------------------------
     0 | D:1      | PolkaDot, the Vampire Conjurer, began the quest for the Orb.
     0 | D:1      | Reached XP level 1. HP: 13/13 MP: 3/3
   579 | D:1      | Reached XP level 2. HP: 17/19 MP: 0/4
   667 | D:1      | Learned a level 2 spell: Searing Ray
  1334 | D:2      | Reached XP level 3. HP: 18/24 MP: 0/6
  1604 | D:2      | Noticed Terence
  1739 | D:2      | Killed Terence
  1739 | D:2      | Reached skill level 4 in Conjurations
  2076 | D:2      | Reached XP level 4. HP: 23/30 MP: 8/8
  2085 | D:2      | Learned a level 4 spell: Iskenderun's Mystic Blast
  2455 | D:3      | Found a bloodstained altar of Trog.
  2458 | D:3      | Noticed a wizard
  2465 | D:3      | Killed a wizard
  2731 | D:3      | Reached XP level 5. HP: 24/35 MP: 5/9
  3346 | D:4      | Paralysed by a giant eyeball for 4 turns
  3498 | D:4      | Reached skill level 5 in Conjurations
  3641 | D:5      | Entered Level 5 of the Dungeon
  3671 | D:5      | Noticed Duvessa
  3671 | D:5      | Noticed Dowan
  3682 | D:5      | Killed Duvessa
  3682 | D:5      | Reached XP level 6. HP: 19/41 MP: 2/11
  3946 | D:5      | Killed Dowan
  3981 | D:5      | Noticed a centaur
  3996 | D:5      | Killed a centaur
  3996 | D:5      | Reached skill level 6 in Conjurations
  4344 | D:5      | Noticed a centaur
  4353 | D:5      | Killed a centaur
  4353 | D:5      | Reached XP level 7. HP: 38/46 MP: 12/12
  4355 | D:5      | Found a blossoming altar of Fedhas.
  4377 | D:5      | Noticed Menkaure
  4425 | D:5      | Killed Menkaure
  4443 | D:5      | Noticed an ogre
  4444 | D:5      | Noticed Eustachio
  4449 | D:5      | Killed an ogre
  4449 | D:5      | Reached skill level 7 in Conjurations
  4477 | D:5      | Killed Eustachio
  4629 | D:5      | Reached XP level 8. HP: 52/52 MP: 7/14
  4679 | D:5      | Found a staircase to the Ecumenical Temple.
  4685 | Temple   | Entered the Ecumenical Temple
  4848 | Temple   | Became a worshipper of Vehumet
  4942 | D:6      | Reached skill level 8 in Conjurations
  5026 | D:6      | Found a glowing drain.
  5049 | Sewer    | Entered a sewer
  5054 | Sewer    | Learned a level 3 spell: Flight
  5397 | D:6      | Gained mutation: You are frail (-10% HP). [potion of mutation]
  5397 | D:6      | Gained mutation: You are surrounded by a mild repulsion field (EV +2). [potion of mutation]
  5397 | D:6      | Gained mutation: Your flesh is heat resistant. [potion of mutation]
  5665 | D:6      | Acquired Vehumet's first power
  5665 | D:6      | Offered knowledge of Sandblast by Vehumet.
  5738 | D:6      | Found an iron altar of Okawaru.
  5774 | D:6      | Found a shimmering altar of Xom.
  5777 | D:6      | Found a blossoming altar of Fedhas.
  5852 | D:6      | Got an encrusted swamp dragon armour
  6224 | D:6      | Reached skill level 9 in Conjurations
  6292 | D:6      | Reached XP level 9. HP: 51/51 MP: 17/19
  6299 | D:6      | Found a white marble altar of Elyvilon.
  6342 | D:7      | Found Roqaphio's Gadget Shop.
  6443 | D:7      | Found Qyqu's Gadget Shoppe.
  6656 | D:7      | Noticed Prince Ribbit
  6660 | D:7      | Learned a level 1 spell: Sting
  6690 | D:7      | Killed Prince Ribbit
  7096 | D:8      | Noticed Grum
  7106 | D:8      | Killed Grum
  7154 | D:8      | Reached skill level 5 in Spellcasting
  7267 | D:8      | Offered knowledge of Freeze by Vehumet.
  7293 | D:8      | Learned a level 1 spell: Freeze
  7380 | D:8      | Reached skill level 10 in Conjurations
  7519 | D:8      | Found a staircase to the Lair.
  7791 | D:8      | Reached XP level 10. HP: 35/56 MP: 17/24
  7893 | D:8      | Learned a level 3 spell: Mephitic Cloud
  7894 | Lair:1   | Entered Level 1 of the Lair of Beasts
  8038 | D:8      | Reached skill level 1 in Air Magic
  8038 | D:8      | Reached skill level 1 in Poison Magic
  8313 | Lair:1   | Offered knowledge of Static Discharge by Vehumet.
  8316 | Lair:1   | HP: 2/56 [wolf (8)]
  8528 | Lair:1   | Learned a level 3 spell: Static Discharge
  8695 | Lair:1   | Acquired Vehumet's second power
  8790 | Lair:1   | Reached skill level 11 in Conjurations
  9188 | Lair:2   | Offered knowledge of Airstrike by Vehumet.
  9306 | Lair:1   | Learned a level 4 spell: Airstrike
  9748 | Lair:2   | Noticed Yermak's ghost (experienced FeCK)
 10388 | Lair:3   | Noticed a black mamba
 10397 | Lair:3   | Killed a black mamba
 10397 | Lair:3   | Reached skill level 5 in Air Magic
 10580 | Lair:3   | Acquired Vehumet's third power
 10580 | Lair:3   | Reached XP level 11. HP: 31/61 MP: 25/25
 10816 | Lair:3   | Found a staircase to the Shoals.
 10851 | Lair:3   | Offered knowledge of Sticky Flame by Vehumet.
 11548 | Lair:3   | Noticed a five-headed hydra
 11580 | Lair:3   | Killed a five-headed hydra
 11926 | Lair:3   | Noticed a black mamba
 11935 | Lair:3   | Killed a black mamba
 12002 | Lair:3   | Reached skill level 5 in Poison Magic
 13178 | Lair:4   | Reached skill level 1 in Shields
 13406 | Lair:4   | Offered knowledge of Delayed Fireball by Vehumet.
 14026 | Lair:4   | Noticed Rupert
 14971 | Lair:4   | Reached XP level 12. HP: 66/66 MP: 26/26
 14981 | Lair:4   | Paralysed by Rupert for 2 turns
 14995 | Lair:4   | Paralysed by Rupert for 4 turns
 15235 | Lair:5   | Noticed an eight-headed hydra
 15456 | Lair:4   | Paralysed by Rupert for 5 turns
 15472 | Lair:4   | Paralysed by Rupert for 6 turns
 15483 | Lair:4   | Paralysed by Rupert for 4 turns
 15498 | Lair:4   | Demolished by Rupert

Action                   |  1- 3 |  4- 6 |  7- 9 | 10-12 || total
-------------------------+-------+-------+-------+-------++-------
Melee: Unarmed           |     6 |       |       |       ||     6
       Spear             |   114 |       |       |       ||   114
       Dagger            |     4 |   150 |   243 |    19 ||   416
       Staff             |       |       |       |   163 ||   163
 Cast: Magic Dart        |    20 |       |     4 |       ||    24
       Searing Ray       |     8 |     8 |    53 |    57 ||   126
       Iskenderun's Myst |       |       |     7 |    49 ||    56
       Sting             |       |       |     5 |   333 ||   338
       Mephitic Cloud    |       |       |       |    55 ||    55
       Static Discharge  |       |       |       |     6 ||     6
       Airstrike         |       |       |       |     1 ||     1
 Abil: Bottle Blood      |       |     1 |    27 |    19 ||    47
Evoke: Wand              |       |       |     4 |     7 ||    11
  Use: Potion            |     4 |     2 |    27 |    32 ||    65
       Scroll            |     3 |     1 |    10 |     7 ||    21
 Stab: Sleeping          |     4 |     9 |     4 |       ||    17
       Distracted        |       |     1 |       |     1 ||     2
       Confused          |       |       |       |     6 ||     6
